 Dungeon Crawl Stone Soup version 0.29-a0-2-g12fcac58f8 (webtiles) character file.

Game seed: 7910270572903994061

73 fragbeetle the Magician (level 4, 0/32 HPs)
             Began as a Gnoll Hedge Wizard on Jan 26, 2022.
             Slain by an iron imp (9 damage)
             ... summoned by Natasha
             ... on level 2 of the Dungeon.
             The game lasted 00:02:21 (1673 turns).

fragbeetle the Magician (Gnoll Hedge Wizard)        Turns: 1673, Time: 00:02:22

Health: 0/32       AC:  5    Str:  9    XL:     4   Next: 27%
Magic:  2/13       EV: 13    Int: 16    God:
Gold:   48         SH:  0    Dex: 11    Spells: 14/17 levels left

rFire   . . .      SeeInvis +   a - +0 dagger
rCold   . . .      Faith    .   (no shield)
rNeg    . . .      Spirit   .   b - +0 robe
rPois   .          Reflect  .   c - +0 hat
rElec   .          Harm     .   (no cloak)
rCorr   .          Rampage  .   f - +2 pair of gloves
Will    .....                   (no boots)
Stlth   ++........              (no amulet)
HPRegen 0.10/turn               g - ring of see invisible
MPRegen 0.13/turn               (no ring)

@: slowed, very slow
A: fangs 1, strong nose, distributed training
a: no special abilities


You were on level 2 of the Dungeon.
You visited 1 branch of the dungeon, and saw 2 of its levels.

You collected 48 gold pieces.

Inventory:

Hand Weapons
 a - a +0 dagger (weapon)
Missiles
 e - 5 poisoned darts
Armour
 b - a +0 robe (worn)
 c - a +0 hat (worn)
 f - a +2 pair of gloves (worn)
Jewellery
 g - a ring of see invisible (left hand)
Scrolls
 d - a scroll of fear {unknown}
 h - a scroll of identify {unknown}
Potions
 i - a potion of magic {unknown}
 j - a potion of attraction {unknown}


   Skills:
 + Level 1.1 Fighting
 + Level 1.1 Short Blades
 + Level 1.1 Long Blades
 + Level 1.1 Axes
 + Level 1.1 Maces & Flails
 + Level 1.1 Polearms
 + Level 1.1 Staves
 + Level 1.1 Slings
 + Level 1.1 Bows
 + Level 1.1 Crossbows
 + Level 1.1 Throwing
 + Level 1.1 Armour
 + Level 4.6 Dodging
 + Level 4.2 Stealth
 + Level 1.1 Shields
 + Level 1.1 Unarmed Combat
 + Level 7.2 Spellcasting
 + Level 2.2 Conjurations
 + Level 0.8 Hexes
 + Level 2.2 Summonings
 + Level 0.8 Necromancy
 + Level 2.2 Translocations
 + Level 0.8 Transmutations
 + Level 0.8 Fire Magic
 + Level 0.8 Ice Magic
 + Level 0.8 Air Magic
 + Level 0.8 Earth Magic
 + Level 0.8 Poison Magic
 + Level 1.2 Invocations
 + Level 1.1 Evocations


You had 14 spell levels left.
You knew the following spells:

 Your Spells              Type           Power      Damage    Failure   Level
a - Magic Dart            Conj           48%        1d5       4%          1
b - Call Imp              Summ           12%        N/A       8%          2

Your spell library contained the following spells:

 Spells                   Type           Power      Damage    Failure   Level
 Blink                    Tloc           24%        N/A       8%          2
 Slow                     Hex            32%        N/A       9%          1
 Conjure Flame            Conj/Fire      10%        6-21      19%         3
 Mephitic Cloud           Conj/Pois/Air  10%        N/A       22%         3


Dungeon Overview and Level Annotations

Branches:
Dungeon (2/15)

Altars:

Annotations:
D:2 Natasha


Innate Abilities, Weirdness & Mutations

You have very sharp teeth.
Your uncanny sense of smell can sniff out nearby items.
Your experience applies equally to all skills.


Message History

Natasha hisses angrily.
The magic dart hits Natasha.
Natasha is moderately wounded.
The magic dart hits Natasha.
Natasha is heavily wounded.
The magic dart hits Natasha but does no damage.
Natasha is heavily wounded.
Natasha casts a spell.
Casting: Magic Dart (safe; 4% risk of failure)
Confirm with . or Enter, or press ? or * to list all spells.
You don't have enough magic to cast this spell.
The magic dart hits Natasha.
Natasha is heavily wounded.
Natasha casts a spell at you.
You feel yourself slow down. Natasha casts a spell at you.
The magic dart hits you. Natasha claws you.
You hit Natasha.
Natasha is heavily wounded.
Natasha claws you but does no damage. The iron imp misses you.
You closely miss Natasha.
Natasha is heavily wounded.
Natasha claws you but does no damage. The iron imp hits you.
Natasha claws you but does no damage.
You closely miss Natasha. You bite Natasha, but do no damage.
Natasha is heavily wounded.
The iron imp barely misses you. Natasha barely misses you.
You hit Natasha. You punch Natasha. You bite Natasha.
Natasha is severely wounded.
Natasha claws you. The iron imp barely misses you. Natasha misses you.
You hit Natasha but do no damage.
Natasha is severely wounded.
The iron imp barely misses you. Natasha barely misses you.
You hit Natasha. You punch Natasha. Your bite misses Natasha.
Natasha is almost dead.
The iron imp hits you.
* * * LOW HITPOINT WARNING * * *
Natasha casts a spell.
The iron imp hits you!
You die...

#..........##.S..<###..
##.)......## .#........
##...)..####..........
####.#.##.....#...#..
#..#.#.............
#..#...#.##........
###..#..#..##.....#
#......#...5..#
#.........@h..#
#...............#
#...........5...#
#...............#
#...............#
#........[......#
#...............#
##.............##


You could see an iron imp (summoned), Natasha and a shadow imp (summoned).

Vanquished Creatures
  Natasha (D:2)
  A bat (D:2)
  An endoplasm (D:1)
  A giant cockroach (D:1)
  5 goblins
  7 hobgoblins
  A quokka (D:1)
  A ball python (D:2)
  3 frilled lizards (D:1)
  5 kobolds
  A rat (D:1)
27 creatures vanquished.

Vanquished Creatures (collateral kills)
  2 adders (D:2)
2 creatures vanquished.

Grand Total: 29 creatures vanquished

Notes
Turn   | Place    | Note
-------+----------+-------------------------------------------
     0 | D:1      | fragbeetle the Gnoll Hedge Wizard began the quest for the
                  | Orb.
     0 | D:1      | Reached XP level 1. HP: 13/13 MP: 8/8
   472 | D:1      | Reached XP level 2. HP: 19/19 MP: 7/10
   475 | D:1      | Learned a level 2 spell: Call Imp
  1239 | D:1      | Found a faded altar of an unknown god.
  1420 | D:1      | Reached XP level 3. HP: 25/25 MP: 8/11
  1631 | D:2      | Noticed Natasha
  1636 | D:2      | Reached skill level 1 in Invocations
  1644 | D:2      | Killed Natasha
  1645 | D:2      | Reached skill level 1 in Fighting
  1645 | D:2      | Reached skill level 1 in Short Blades
  1645 | D:2      | Reached skill level 1 in Long Blades
  1645 | D:2      | Reached skill level 1 in Axes
  1645 | D:2      | Reached skill level 1 in Maces & Flails
  1645 | D:2      | Reached skill level 1 in Polearms
  1645 | D:2      | Reached skill level 1 in Staves
  1645 | D:2      | Reached skill level 1 in Slings
  1645 | D:2      | Reached skill level 1 in Bows
  1645 | D:2      | Reached skill level 1 in Crossbows
  1645 | D:2      | Reached skill level 1 in Throwing
  1645 | D:2      | Reached skill level 1 in Armour
  1645 | D:2      | Reached skill level 1 in Shields
  1645 | D:2      | Reached skill level 1 in Unarmed Combat
  1645 | D:2      | Reached skill level 1 in Evocations
  1645 | D:2      | Reached XP level 4. HP: 24/32 MP: 2/13
  1661 | D:2      | Noticed Natasha
  1673 | D:2      | Slain by an iron imp

Illustrated notes

Levels and vault maps discovered:
D:1:      amcnicky_arrival_blooded_trapdoor, layout_basic,
          shapermc_ecumenical_altar_mp_ritualfount
D:2:      layout_rooms, uniq_jessica, uniq_natasha

Skill      XL: |  1  2  3 |
---------------+----------+-----
Conjurations   | 2 |  2.2
Summonings     | 2 |  2.2
Translocations | 2 |  2.2
Invocations    | 1 |  1.2
Fighting       | 1 |  1.1
Short Blades   | 1 |  1.1
Long Blades    | 1 |  1.1
Axes           | 1 |  1.1
Maces & Flails | 1 |  1.1
Polearms       | 1 |  1.1
Staves         | 1 |  1.1
Slings         | 1 |  1.1
Bows           | 1 |  1.1
Crossbows      | 1 |  1.1
Throwing       | 1 |  1.1
Armour         | 1 |  1.1
Shields        | 1 |  1.1
Unarmed Combat | 1 |  1.1
Evocations     | 1 |  1.1
Dodging        | |  4.6
Stealth        | |  4.2
Spellcasting   | |  7.2
Hexes          | |  0.8
Necromancy     | |  0.8
Transmutations | |  0.8
Fire Magic     | |  0.8
Ice Magic      | |  0.8
Air Magic      | |  0.8
Earth Magic    | |  0.8
Poison Magic   | |  0.8

Action                   |  1- 3 |  4- 6 || total
-------------------------+-------+-------++-------
Melee: Dagger            |     7 |     6 ||    13
       Bite              |     1 |     2 ||     3
       Punch             |       |     2 ||     2
 Cast: Magic Dart        |    79 |     5 ||    84
       Call Imp          |     1 |       ||     1
 Stab: Sleeping          |     1 |       ||     1
Armor: Robe              |     1 |     3 ||     4
Dodge: Dodged            |     6 |     7 ||    13

Table legend: (Time is in decaauts)
 A = Elapsed time spent in this place.
 B = Non-inter-level travel time spent in this place.
 C = Inter-level travel time spent in this place.
 D = Time resting spent in this place.
 E = Time spent auto-exploring this place.
 F = Levels seen in this place.
 G = Mean time per level.
                   A        B        C        D        E       F      G
               +--------+--------+--------+--------+--------+-----+--------+
         Total |   1675 |   1610 |     65 |     17 |   1415 |   2 |  837.5 |
       Dungeon |   1675 |   1610 |     65 |     17 |   1415 |   2 |  837.5 |
               +--------+--------+--------+--------+--------+-----+--------+

Top non-repeatable levels by time:
     D:1: 1515 daAuts
     D:2: 160 daAuts
